 Dungeon Crawl Stone Soup version 0.20.1-1-g8b1a95d (webtiles) character file.

61 equalderp2856 the Shield-Bearer (level 3, -1/33 HPs)
             Began as a Minotaur Fighter on Sept 4, 2017.
             Slain by a quokka (2 damage)
             ... on level 2 of the Dungeon.
             The game lasted 00:02:26 (895 turns).

equalderp2856 the Shield-Bearer (Minotaur Fighter)   Turns: 895, Time: 00:02:28

Health: -1/33      AC:  7    Str: 20    XL:     3   Next: 83%
Magic:  2/2        EV:  7    Int:  5    God:
Gold:   70         SH:  9    Dex: 10    Spells: 2/2 levels left

rFire    + . .     SeeInvis .   a - +0 war axe
rCold    + . .     Gourm    .   c - +0 shield
rNeg     . . .     Faith    .   b - +0 scale mail
rPois    +         Spirit   .   (helmet restricted)
rElec    +         Reflect  .   (no cloak)
rCorr    +         Harm     .   (no gloves)
MR       .....                  (no boots)
Stlth    ..........             (no amulet)
Regen    0.2/turn               (no ring)
MPRegen  0.1/turn               (no ring)

@: lethally poisoned (-1 -> -7), resistant
A: retaliatory headbutt, horns 2
a: no special abilities


You were on level 2 of the Dungeon.
You were not hungry.

You visited 1 branch of the dungeon, and saw 2 of its levels.

You collected 70 gold pieces.

Inventory:

Hand Weapons
 a - a +0 war axe (weapon)
Armour
 b - a +0 scale mail (worn)
 c - a +0 shield (worn)
Scrolls
 g - 2 scrolls of identify {unknown}
 i - a scroll of recharging {unknown}
 l - a scroll of enchant weapon {unknown}
Potions
 d - a potion of might
 h - 2 potions of curing {unknown}
 j - a potion of cancellation {unknown}
 k - a potion of mutation {unknown}
 o - a potion of agility {unknown}
Books
 m - a book of Frost

   Spells                             Type                      Level
   a - Freeze                         Ice                          1
   b - Throw Frost                    Conjuration/Ice              2
   c - Ozocubu's Armour               Charms/Ice                   3
   d - Throw Icicle                   Conjuration/Ice              4
   e - Summon Ice Beast               Ice/Summoning                4
Comestibles
 f - a bread ration
 n - a meat ration


   Skills:
 + Level 4.1 Fighting
 + Level 3.7 Axes
 + Level 4.1 Armour
 + Level 4.2 Shields


You had 2 spell levels left.
You didn't know any spells.

Dungeon Overview and Level Annotations

Branches:
Dungeon (2/15)

Altars:
Fedhas
Qazlal


Innate Abilities, Weirdness & Mutations

You reflexively headbutt those who attack you in melee.
You have a pair of horns on your head.


Message History

You barely miss the quokka.
* * * LOW HITPOINT WARNING * * *
You feel sick. The adder bites you but does no damage.
The quokka bites you but does no damage.
You block the adder's attack. You block the quokka's attack.
You closely miss the adder. Your headbutt misses the adder.
The adder is heavily wounded.
You barely miss the quokka.
* * * LOW HITPOINT WARNING * * *
You feel sick. The adder bites you.
* * * LOW HITPOINT WARNING * * *
You block the quokka's attack. The adder bites you but does no damage.
The quokka bites you but does no damage.
It was a potion of resistance.
You feel protected.
* * * LOW HITPOINT WARNING * * *
You feel sick. The adder bites you.
* * * LOW HITPOINT WARNING * * *
The quokka bites you.
You die...

#>## # ....### .
##.....!# ..##
#......$## ###
....###.#.#.#..# #..
#.............# #..
#............######..
##.rS................
#..@)....##.######..
##.......# ........
#.......###....##..
##......^..#......<.
P###......≈§≈...#...#..
♣≈P≈..[...≈#_≈.####.###
≈♣♣≈#.....^..≈^.###.# #
≈≈P♣#.#...#.....##.###
≈P≈ ♣...†...§.........


You could see an adder and a quokka.

Vanquished Creatures
  3 adders (D:2)
  A worm (D:2)
  3 goblins (D:1)
  8 hobgoblins
  A quokka (D:2)
  4 bats
  3 frilled lizards (D:1)
  7 kobolds
  3 rats (D:1)
33 creatures vanquished.

Notes
Turn   | Place    | Note
-------+----------+-------------------------------------------
     0 | D:1      | equalderp2856 the Minotaur Fighter began the quest for the Orb.
     0 | D:1      | Reached XP level 1. HP: 19/19 MP: 0/0
   384 | D:1      | Reached XP level 2. HP: 24/27 MP: 1/1
   789 | D:2      | Reached XP level 3. HP: 29/33 MP: 2/2
   840 | D:2      | Found a stormy altar of Qazlal.
   851 | D:2      | Found a blossoming altar of Fedhas.
   895 | D:2      | HP: 1/33 [adder (3)]
   895 | D:2      | Slain by a quokka

Skill      XL: |  1  2  3 |
---------------+----------+-----
Shields        | 4 |  4.2
Axes           | 3 |  3.7
Armour         | 4 |  4.1
Fighting       | 4 |  4.1

Action                   || total
-------------------------++-------
Melee: War axe           ||   102
       Headbutt          ||     5
  Use: Potion            ||     1
Armor: Scale mail        ||    61
Dodge: Dodged            ||    32
Block: Shield            ||    62
